 Dungeon Crawl Stone Soup version 0.20-a0-217-g17e8ceb (console) character file.

604 nht the Quickloader (level 7, -1/56 HPs)
             Began as a Minotaur Hunter on Nov 28, 2016.
             Was an Initiate of Okawaru.
             Slain by an iguana (7 damage)
             ... on level 5 of the Dungeon.
             The game lasted 00:10:52 (4289 turns).

nht the Quickloader (Minotaur Hunter)               Turns: 4289, Time: 00:10:53

Health: -1/56      AC: 12    Str: 18 (19) XL:     7   Next: 18%
Magic:  6/6        EV:  5    Int:  8      God:    Okawaru [......]
Gold:   155        SH:  0    Dex:  1 (10) Spells: 6/6 levels left

rFire  . . .     SeeInvis .     r - +0 trident
rCold  . . .     Gourm    .     p - +0 plate armour
rNeg   . . .     Faith    .     (no shield)
rPois  .         Spirit   .     (helmet restricted)
rElec  .         Reflect  .     (no cloak)
rCorr  .         Harm     .     (no gloves)
MR     .....                    s - +1 pair of boots
Stlth  ..........               m - amulet of regeneration
                                (no ring)
                                (no ring)

@: confused
A: retaliatory headbutt, horns 2, sense surroundings 1
a: Renounce Religion


You were on level 5 of the Dungeon.
You worshipped Okawaru.
Okawaru was noncommittal.
You were hungry.

You visited 2 branches of the dungeon, and saw 7 of its levels.

You collected 155 gold pieces.

Inventory:

Hand Weapons
 a - a +2 hand crossbow
 b - a +0 short sword
 r - a +0 trident (weapon)
Missiles
 d - 34 bolts
Armour
 p - a +0 plate armour (worn)
 s - a +1 pair of boots (worn)
Jewellery
 m - an amulet of regeneration (around neck)
 x - an uncursed ring of ice
Wands
 l - a wand of confusion (6/48)
 n - a wand of polymorph (9/24)
Scrolls
 e - 5 scrolls of identify
 h - a scroll of amnesia
 o - 5 scrolls of remove curse
Potions
 k - 2 potions of magic
Comestibles
 f - 2 bread rations
 g - 3 meat rations
 i - a beef jerky
 q - a slice of pizza
 v - 2 fruits


   Skills:
 - Level 2.5 Fighting
 + Level 9.5 Crossbows
 - Level 2.2 Dodging
 - Level 1.1 Stealth


You had 6 spell levels left.
You didn't know any spells.

Dungeon Overview and Level Annotations

Branches:
Dungeon (6/15)             Temple (1/1) D:5

Altars:
Ashenzari
Dithmenos
Elyvilon
Fedhas
Gozag
Kikubaaqudgha
Makhleb
Nemelex Xobeh
Okawaru
Trog
Uskayaw
Vehumet
Yredelemnul
The Shining One

Shops:
D:4 *:   D:5 =


Innate Abilities, Weirdness & Mutations

You reflexively headbutt those who attack you in melee.
You have a pair of horns on your head.
You passively map a small area around you.


Message History

You are no longer poisoned.
The iguana barely misses you.
You bump into the rock wall.
The golden eye blinks at you.
You are more confused.
The iguana bites you.
You miss the golden eye.
The golden eye blinks!
The iguana bites you!
* * * LOW HITPOINT WARNING * * *
The golden eye blinks at you.
You are more confused.
The adder bites you.
* * * LOW HITPOINT WARNING * * *
Okay, then.
You barely miss the iguana.
The iguana is moderately wounded.
The iguana barely misses you. The golden eye blinks at you.
You are more confused.
The adder bites you but does no damage. The iguana bites you!
You die... █.█.█.█ █.........█ █.█ █... ██.█.█.████..███.██████<█ ████ .█..[........███....>...█ █... ................██████████████.██ .█████.█.██████................█ ....██.█.███ ██████████████████

███........█
....██.....███████
.█████........Gl@█ .█
███.....█████S█
.███.......██ █.█
.██.███..██.████.█ ∩÷..█
█.....██...██
.██.███..██.█.[...██
.........█.........█
..█.███............██████
..█......█..............█


You could see an iguana, a golden eye and an adder.

Vanquished Creatures
  A quasit (D:5)
  A hound (D:3)
  A jelly (D:5)
  An orc priest (D:4)
  2 orc wizards
  A bullfrog skeleton (D:4)
  3 worker ants
  Terence (D:3)
  8 adders
  7 gnolls
  3 river rats (D:5)
  An ooze (D:4)
  An adder skeleton (D:5)
  4 worms
  A dart slug (D:1)
  5 leopard geckos
  19 orcs
  6 giant cockroaches
  5 hobgoblins
  3 jackals (D:1)
  5 kobolds
  4 quokkas
  2 ball pythons
  11 bats
  6 frilled lizards
  6 goblins
  A leopard gecko zombie (D:6)
  A quokka skeleton (D:5)
  4 rats
114 creatures vanquished.

Notes
Turn   | Place    | Note
-------+----------+-------------------------------------------
     0 | D:1      | nht the Minotaur Hunter began the quest for the Orb.
     0 | D:1      | Reached XP level 1. HP: 18/18 MP: 0/0
    32 | D:1      | Reached skill level 1 in Stealth
   382 | D:1      | Reached XP level 2. HP: 25/25 MP: 1/1
   656 | D:1      | Reached skill level 5 in Crossbows
   941 | D:2      | Reached XP level 3. HP: 30/30 MP: 2/2
  1345 | D:2      | Reached skill level 6 in Crossbows
  1345 | D:2      | Reached XP level 4. HP: 37/37 MP: 3/3
  1606 | D:3      | Noticed Terence
  1610 | D:3      | Killed Terence
  1617 | D:3      | Found a burning altar of Makhleb.
  1624 | D:3      | Reached XP level 5. HP: 38/42 MP: 4/4
  1761 | D:3      | Reached skill level 7 in Crossbows
  2697 | D:4      | Reached skill level 8 in Crossbows
  2697 | D:4      | Reached XP level 6. HP: 50/50 MP: 5/5
  2990 | D:4      | Gained mutation: You passively map a small area around you. [potion of mutation]
  2990 | D:4      | Gained mutation: Scrolls take you a little longer to read. [potion of mutation]
  2990 | D:4      | Lost mutation: Scrolls take you a little longer to read. [potion of mutation]
  3058 | D:4      | Found Ekhal's Elemental Accessories.
  3218 | D:4      | Found Ugymosi's Book Emporium.
  3331 | D:5      | Entered Level 5 of the Dungeon
  3391 | D:5      | Reached skill level 9 in Crossbows
  3421 | D:5      | Found Feudghiodo's Jewellery Boutique.
  3426 | D:5      | Reached XP level 7. HP: 56/56 MP: 6/6
  3513 | D:5      | Found a staircase to the Ecumenical Temple.
  3523 | D:5      | Found a white marble altar of Elyvilon.
  3563 | Temple   | Entered the Ecumenical Temple
  3578 | Temple   | Became a worshipper of Warmaster Okawaru
  3766 | D:5      | Found a bloodstained altar of Trog.
  3824 | D:5      | Found a blossoming altar of Fedhas.
  3825 | D:5      | Found an ancient bone altar of Kikubaaqudgha.
  4008 | D:5      | Found a glowing drain.
  4214 | D:6      | Noticed a golden eye
  4214 | D:6      | a water moccasin changed into a golden eye
  4289 | D:5      | Slain by an iguana

Vault maps used:
D:1:      dpeg_arrival_central, minmay_quantized
D:3:      makhleb_heckhound_becter, first_bread, uniq_terence
D:4:      serial_shops, kennysheep_mini_moat, nicolae_elemental_shop
D:5:      grunt_temple_overflow_growth_and_decay, lemuel_crystal_altar,
          serial_shops, shop, portal_sewer_entry_e, hex_medium, elyvilon_altar_5
Temple:   eino_narrow_crystal_temple

Skill      XL: |  1  2  3  4  5  6 |
---------------+-------------------+-----
Stealth        | 1 |  1.1
Crossbows      | 5 6 8 9 |  9.5
Fighting       | |  2.5
Dodging        | |  2.2

Action                   |  1- 3 |  4- 6 |  7- 9 || total
-------------------------+-------+-------+-------++-------
Melee: Trident           |       |   236 |   153 ||   389
       Headbutt          |       |    32 |     5 ||    37
 Fire: Hand crossbow     |    72 |    39 |    19 ||   130
Evoke: Wand              |       |       |     5 ||     5
  Use: Scroll            |       |     9 |     1 ||    10
       Potion            |       |     7 |     2 ||     9
  Eat: Chunk             |     1 |     7 |     3 ||    11
Armor: Leather armour    |     2 |       |       ||     2
       Plate armour      |    15 |   182 |   291 ||   488
       Skin              |       |     1 |       ||     1
Dodge: Dodged            |    19 |    64 |    84 ||   167
